 Dungeon Crawl Stone Soup version 0.29.1 (webtiles) character file.

Game seed: 8600102772555722736

546 GigaChad the Slasher (level 7, 0/60 HPs)
             Began as a Minotaur Fighter on Sept 13, 2022.
             Was an Initiate of Ashenzari.
             Killed by nerve-wracking pain
             ... invoked by an orc priest
              (5 damage)
             ... on level 4 of the Dungeon.
             The game lasted 00:11:07 (4186 turns).

GigaChad the Slasher (Minotaur Fighter)             Turns: 4186, Time: 00:11:07

Health: 0/60       AC:  7    Str: 22    XL:     7   Next: 6%
Magic:  6/6        EV: 10    Int:  5    God:    Ashenzari [......]
Gold:   144        SH:  4    Dex: 10    Spells: 6/6 levels left

rFire   . . .      SeeInvis .   h - +5 double sword (elec)
rCold   . . .      Faith    .   c - +0 buckler
rNeg    . . .      Spirit   .   b - +0 scale mail
rPois   .          Reflect  .   (helmet restricted)
rElec   .          Harm     .   n - scarf {shadows}
rCorr   .          Rampage  .   (no gloves)
Will    .....                   (no boots)
Stlth   ..........              (no amulet)
HPRegen 0.20/turn               (no ring)
MPRegen 0.10/turn               (no ring)

@: very slow
A: horns 2, retaliatory headbutt
a: Renounce Religion


You were on level 4 of the Dungeon.
You worshipped Ashenzari.
Ashenzari was noncommittal.
You visited 2 branches of the dungeon, and saw 5 of its levels.

You collected 144 gold pieces.

Inventory:

Hand Weapons
 a - a +2 long sword
 h - a +5 double sword of electrocution (weapon)
 m - a +0 scythe
Missiles
 u - 6 poisoned darts (quivered)
Armour
 b - a +0 scale mail (worn)
 c - a +0 buckler (worn)
 n - a scarf of shadows (worn)
Magical Staves
 e - a staff of conjuration
Jewellery
 j - a ring of magical power
Wands
 o - a wand of paralysis (2)
 p - a wand of roots (9)
Scrolls
 l - a scroll of blinking
 s - a scroll of amnesia {unknown}
 t - a scroll of identify
 v - a scroll of torment {unknown}
 x - a scroll of fear {unknown}
Potions
 d - a potion of might
 f - 2 potions of brilliance {unknown}
 g - a potion of heal wounds {unknown}
 i - a potion of attraction {unknown}
 k - a potion of ambrosia {unknown}
 q - a potion of degeneration {unknown}
 r - a potion of magic {unknown}
 w - a potion of curing {unknown}


   Skills:
 + Level 4.8 Fighting
 + Level 6.3 Long Blades
 + Level 5.9 Armour
 + Level 1.5 Dodging
 + Level 0.8 Stealth
 + Level 4.4 Shields


You had 6 spell levels left.
You didn't know any spells.
Your spell library contained the following spells:

 Spells                   Type           Power      Damage    Failure   Level
 Necrotise                Necr           0%         1d4       86%         1
 Vampiric Draining        Necr           0%         2d6       99%         3
 Anguish                  Hex/Necr       0%         N/A       100%        4
 Animate Dead             Necr           0%         N/A       100%        4


Dungeon Overview and Level Annotations

Branches:
Dungeon (4/15)             Temple (1/1) D:4

Altars:
Ashenzari
Cheibriados
Dithmenos
Fedhas
Gozag
Hepliaklqana
Kikubaaqudgha
Makhleb
Nemelex Xobeh
Okawaru
Qazlal
Sif Muna
Uskayaw
Wu Jian
Xom
Zin

Shops:
D:1 [?


Innate Abilities, Weirdness & Mutations

You have a pair of horns on your head.
You reflexively headbutt those who attack you in melee.


Message History

You hear Kikubaaqudgha cackling.
You smell decay.
You start resting.
A kobold comes into view.
It is wielding a +0 whip and quivering poisoned darts.
The kobold hits you but does no damage.
You hit the kobold but do no damage. The kobold hits you with a +0 whip.
You hit the kobold but do no damage. Your headbutt misses the kobold.
The kobold hits you but does no damage.
You closely miss the kobold. Your headbutt misses the kobold.
You block the kobold's attack. The kobold closely misses you.
You closely miss the kobold. Your headbutt misses the kobold.
The kobold hits you but does no damage.
You barely miss the kobold. You headbutt the kobold.
You kill the kobold!
You start resting.
An orc priest comes into view. It is wielding a +0 hand axe.
An orc priest is nearby!
An orc priest is nearby!
The orc priest shouts!
You enter the shallow water.
Moving in this stuff is going to be slow.
The orc priest hits you with a +0 hand axe.
Your unstable footing causes you to fumble your attack.
The orc priest invokes the aid of Beogh against you.
You struggle to resist.
The orc priest hits you but does no damage.
You slash the orc priest!
The orc priest is almost dead.
The orc priest calls down the wrath of Beogh upon you.
Beogh smites you!
You closely miss the orc priest.
The orc priest is almost dead.
The orc priest invokes the aid of Beogh against you.
Beogh smites you!
* * * LOW HITPOINT WARNING * * *
You completely miss the orc priest. Your headbutt misses the orc priest.
The orc priest is almost dead.
The orc priest invokes the aid of Beogh against you.
Pain shoots through your body!
You die...

.. #...## #..... #.
#....# #.....
#~###)...####.....
#.....##..........
#.....########..[.
###.†.# #..## #.).).#
###).# #.....##
##...## ###
#@###..####..#.#
#...#o.^#.......##.#
#.......#.......##.##
###...####.#........#
#...... #.........#.##
#.......#...###.###..#
#.####...#...# #.#
##.# .. #####...#
#.####.. #.⌠.#
#.......


You could see an orc priest.

Vanquished Creatures
  Sigmund (D:2)
  A scorpion (D:4)
  An orc priest (D:3)
  Terence (D:2)
  An iguana (D:4)
  Ijyb (D:3)
  Natasha (D:2)
  Robin (D:2)
  A gnoll (D:1)
  5 adders
  A river rat (D:3)
  4 dart slugs
  8 orcs
  6 ball pythons
  5 endoplasms
  6 giant cockroaches
  20 goblins
  6 hobgoblins
  4 jackals (D:1)
  5 quokkas
  2 bats
  8 frilled lizards
  10 kobolds
  12 rats
111 creatures vanquished.

Notes
Turn   | Place    | Note
-------+----------+-------------------------------------------
     0 | D:1      | GigaChad the Minotaur Fighter began the quest for the Orb.
     0 | D:1      | Reached XP level 1. HP: 19/19 MP: 0/0
    79 | D:1      | Found Ganac Huytsi's Antique Armour Shoppe.
    87 | D:1      | Reached XP level 2. HP: 23/27 MP: 1/1
   162 | D:1      | Found Lij Ump's Magic Scroll Shop.
   243 | D:1      | Reached skill level 3 in Long Blades
   266 | D:1      | Reached XP level 3. HP: 21/33 MP: 2/2
   563 | D:1      | Found a faded altar of an unknown god.
   570 | D:1      | Prayed at the altar of an unknown god.
   570 | D:1      | Became a worshipper of Kikubaaqudgha
   570 | D:1      | Reached * piety under Kikubaaqudgha
   570 | D:1      | Received a gift from Kikubaaqudgha
   871 | D:2      | Noticed Terence
   882 | D:2      | Killed Terence
  1129 | D:2      | Reached XP level 4. HP: 39/40 MP: 3/3
  1202 | D:2      | Noticed Robin
  1214 | D:2      | Killed Robin
  1215 | D:2      | Reached skill level 4 in Long Blades
  1571 | D:2      | Noticed Sigmund
  1602 | D:2      | Killed Sigmund
  1603 | D:2      | Reached skill level 5 in Long Blades
  1603 | D:2      | Reached skill level 5 in Armour
  1603 | D:2      | Reached skill level 1 in Dodging
  1603 | D:2      | Reached XP level 5. HP: 5/47 MP: 4/4
  1603 | D:2      | Reached XP level 6. HP: 6/53 MP: 5/5
  2308 | D:2      | Noticed Natasha
  2316 | D:2      | Killed Natasha
  2339 | D:2      | Identified a scroll of acquirement
  2339 | D:2      | Acquired a +5 double sword of electrocution
  2924 | D:3      | Reached ** piety under Kikubaaqudgha
  2989 | D:3      | Noticed Ijyb
  2990 | D:3      | Paralysed by Ijyb for 5 turns
  2996 | D:3      | Killed Ijyb
  3755 | D:4      | Found a staircase to the Ecumenical Temple.
  3761 | D:4      | Reached skill level 6 in Long Blades
  3761 | D:4      | Reached XP level 7. HP: 54/60 MP: 6/6
  3772 | Temple   | Entered the Ecumenical Temple
  3912 | Temple   | Fell from the grace of Kikubaaqudgha
  3912 | Temple   | Became a worshipper of Ashenzari the Shackled
  4186 | D:4      | Killed from afar by an orc priest

Illustrated notes

Levels and vault maps discovered:
D:1:      lightli_arrival_boilingwater, layout_basic, serial_shops,
          nicolae_square_shop, nicolae_shop_advertising_works
          [nicolae_subvault_shop_adworks], dilly_ecumenical_altar_fadedgnrine,
          feat_on_display
D:2:      layout_loops_cross, uniq_natasha, uniq_robin, uniq_sigmund,
          uniq_terence
D:3:      minmay_diamond_boxcup, layout_loops_ring, gup_sewer_entry_spiral,
          uniq_ijyb
D:4:      layout_rooms, hangedman_ru_absence, minmay_temple_entry_junction
Temple:   eino_temple_rhombus

Skill      XL: |  1  2  3  4  5  6 |
---------------+-------------------+-----
Armour         | 4 5 |  5.9
Long Blades    | 3 5 6 |  6.3
Fighting       | 4 |  4.8
Shields        | 4 |  4.4
Dodging        | 1 |  1.5
Stealth        | |  0.8

Action                   |  1- 3 |  4- 6 |  7- 9 || total
-------------------------+-------+-------+-------++-------
Melee: Long sword        |    74 |    79 |       ||   153
       Headbutt          |     5 |    12 |     1 ||    18
       Double sword      |       |    62 |    31 ||    93
  Use: Scroll            |       |     5 |       ||     5
Armor: Scale mail        |    39 |    53 |    18 ||   110
Dodge: Dodged            |    53 |    56 |    12 ||   121
Block: Buckler           |    26 |    39 |     5 ||    70
